 Seeded DCSS version 0.28-a0-1182-g381e24db82 (webtiles) character file.

Game seed: 20211214 (custom seed)

38348 a11behringer the Fencer (level 13, -2/119 HPs)
             Began as a Minotaur Fighter on Dec 17, 2021.
             Was a High Priest of Okawaru.
             Slain by a centaur warrior simulacrum (24 damage)
             ... on level 14 of the Dungeon.
             The game lasted 00:42:41 (16491 turns).

a11behringer the Fencer (Minotaur Fighter)         Turns: 16491, Time: 00:42:42

Health: -2/119     AC: 22    Str: 26    XL:     13   Next: 63%
Magic:  11/11      EV: 10    Int:  7    God:    Okawaru [*****.]
Gold:   818        SH:  6    Dex: 10    Spells: 12/12 levels left

rFire   . . .      SeeInvis +   Q - +5 scimitar (spect)
rCold   . . .      Faith    .   c - +0 buckler
rNeg    . . .      Spirit   .   g - +1 storm dragon scales
rPois   +          Reflect  .   (helmet restricted)
rElec   +          Harm     .   e - +0 cloak
rCorr   .          Rampage  .   n - +0 pair of gloves
Will    .....                   u - +0 pair of boots
Stlth   ..........              o - amulet of regeneration
HPRegen 1.09/turn               s - ring of see invisible
MPRegen 0.12/turn               P - ring of flight

@: flying
A: horns 2, retaliatory headbutt, claws 1, clever 1, low mp 1, poison resistance
a: Renounce Religion, Heroism, Finesse, Duel


You were on level 14 of the Dungeon.
You worshipped Okawaru.
Okawaru was extremely pleased with you.
You visited 2 branches of the dungeon, and saw 15 of its levels.
You also visited: Sewer and Ossuary.

You collected 818 gold pieces.

Inventory:

Hand Weapons
 a - a +1 long sword
 y - a +0 arbalest
 C - a +0 shortbow
 G - a +2 rapier of venom
 Q - a +5 spectral scimitar (weapon)
 T - a +0 longbow
 V - a +3 great sword
 W - a +0 hand crossbow
Missiles
 b - 49 sling bullets
 i - 135 poisoned darts (quivered)
 m - 7 throwing nets
 r - 313 arrows
 t - 8 boomerangs
 U - 10 bolts
Armour
 c - a +0 buckler (worn)
 d - a +3 chain mail of positive energy
 e - a +0 cloak (worn)
 g - +1 storm dragon scales (worn)
 n - a +0 pair of gloves (worn)
 u - a +0 pair of boots (worn)
 z - the +1 ring mail of Baldness {-Cast Will+++ Str+4}
   (You found it in a sewer)

   Str:       It affects your strength (+4).
   -Cast:     It prevents spellcasting.
   Will:      It greatly increases your willpower.
Jewellery
 h - an amulet of faith
 o - an amulet of regeneration (around neck)
 s - a ring of see invisible (left hand)
 E - an amulet of guardian spirit
 M - an amulet of magic regeneration
 P - a ring of flight (right hand)
Wands
 j - a wand of acid (15)
 v - a wand of iceblast (2)
 S - a wand of mindburst (18)
Scrolls
 p - 7 scrolls of magic mapping
 w - 11 scrolls of teleportation
 x - 2 scrolls of blinking
 A - 3 scrolls of identify
 D - 6 scrolls of fog
 F - 2 scrolls of enchant weapon
 N - a scroll of enchant armour
Potions
 f - 5 potions of curing
 k - 3 potions of brilliance
 l - 4 potions of heal wounds
 q - a potion of mutation
 B - a potion of flight
 H - 4 potions of cancellation
 I - 3 potions of ambrosia
 J - a potion of might
 K - 3 potions of attraction
 L - a potion of invisibility
 O - a potion of haste
 R - a potion of lignification


   Skills:
 + Level 12.7 Fighting
 * Level 18.9 Long Blades
 + Level 13.8 Armour
 + Level 4.4 Dodging
 + Level 9.8 Shields
 + Level 1.0 Invocations
 + Level 1.7 Evocations


You had 12 spell levels left.
You didn't know any spells.
Your spell library contained the following spells:

 Spells                   Type           Power      Damage    Failure   Level
 Freeze                   Ice            0%         1d3       88%         1
 Shock                    Conj/Air       0%         1d3       88%         1
 Corpse Rot               Necr/Air       0%         N/A       95%         2
 Poisonous Vapours        Pois/Air       0%         N/A       95%         2
 Static Discharge         Conj/Air       0%         N/A       95%         2
 Sublimation of Blood     Necr           0%         N/A       95%         2
 Wereblood                Tmut           0%         N/A       95%         2
 Conjure Flame            Conj/Fire      0%         6-21      99%         3
 Frozen Ramparts          Ice            0%         1d2       99%         3
 Gell's Gravitas          Tloc           0%         N/A       99%         3
 Ignite Poison            Fire/Tmut/Pois 0%         N/A       99%         3
 Lesser Beckoning         Tloc           0%         N/A       99%         3
 Teleport Other           Tloc           0%         N/A       99%         3
 Dispel Undead            Necr           0%         3d6       100%        4
 Hailstorm                Conj/Ice       0%         3d3       100%        4
 Petrify                  Tmut/Erth      0%         N/A       100%        4
 Sticky Flame             Conj/Fire      0%         2d3       100%        4
 Metabolic Englaciation   Hex/Ice        0%         N/A       100%        5
 Statue Form              Tmut/Erth      0%         N/A       100%        6
 Summon Hydra             Summ           Unusable   N/A       N/A         7

Dungeon Overview and Level Annotations

Branches:
Dungeon (14/15)            Temple (1/1) D:5            Lair (0/6) D:10
    Orc (0/2) D:10         Vaults (0/5) D:13          Sewer (visited)
Ossuary (visited)

Altars:
Ashenzari
Cheibriados
Dithmenos
Elyvilon
Fedhas
Gozag
Hepliaklqana
Kikubaaqudgha
Makhleb
Nemelex Xobeh
Okawaru
Qazlal
Ru
Sif Muna
Trog
Uskayaw
Vehumet
Wu Jian
Xom
Yredelemnul
Zin
The Shining One
Lugonu

Shops:
D:3 *   D:7 :


Innate Abilities, Weirdness & Mutations

You have a pair of horns on your head.
You reflexively headbutt those who attack you in melee.
You have sharp fingernails.
Your mind is acute. (Int +2)
Your magical capacity is low. (-10% MP)
Your system is resistant to poisons. (rPois)


Message History

You kill the brown ugly thing!
Okawaru accepts your kill. The white ugly thing trunk-slaps you.
The white ugly thing freezes you!!
Your Invocations skill increases to level 1!
You hit the white ugly thing but do no damage.
Your +5 spectral scimitar barely misses the white ugly thing.
You closely miss the white ugly thing. You headbutt the white ugly thing!
The white ugly thing is moderately wounded.
Your +5 spectral scimitar barely misses the white ugly thing.
The white ugly thing trunk-slaps you but does no damage.
You slice the white ugly thing!!
The white ugly thing is heavily wounded.
Your +5 spectral scimitar hits the white ugly thing!!
The white ugly thing bites you but does no damage.
The white ugly thing trunk-slaps your +5 spectral scimitar!
Your spectral weapon shares its damage with you!
The white ugly thing freezes your +5 spectral scimitar!
Your +5 spectral scimitar resists.
Your spectral weapon shares its damage with you!
You slash the white ugly thing!
You kill the white ugly thing!
Okawaru accepts your kill.
The centaur warrior simulacrum hits you but does no damage.
The centaur warrior simulacrum closely misses you.
You slash the white ugly thing!
Your headbutt misses the white ugly thing.
The white ugly thing is lightly wounded.
Your +5 spectral scimitar hits the white ugly thing!
The white ugly thing bites you! The white ugly thing freezes you!!
* * * LOW HITPOINT WARNING * * *
The centaur warrior simulacrum hits you.
* * * LOW HITPOINT WARNING * * *
The centaur warrior simulacrum freezes you!!
* * * LOW HITPOINT WARNING * * *
The centaur warrior simulacrum kicks you but does no damage.
You feel much better.
The centaur warrior simulacrum hits you.
* * * LOW HITPOINT WARNING * * *
The centaur warrior simulacrum freezes you!!
You die...

#..... #......
##....... ##.$....$.
##....... ##......
##..§u†# ##....@§#
##.....§Z###..
##.............
##..............
##................
##.................
##<.................
#<.............[....
##<................


You could see a white ugly thing and a centaur warrior simulacrum.

Vanquished Creatures
  The ghost of Kailexub the Peltast, a journeyman MiFi of Cheibriados (D:13)
  Harold (D:8)
  4 boulder beetles
  3 vault guards (D:13)
  A hydra (D:12)
  4 two-headed ogres (D:13)
  4 centaur warriors (D:13)
  The ghost of JamezByez the Protected, a novice MiFi of Okawaru (D:8)
  A tengu warrior (D:13)
  The ghost of Encipher the Martial Artist, a novice OpTm of Ashenzari (D:8)
  A deep elf archer (D:13)
  Pikel (D:8)
  2 orc knights (D:13)
  2 deep elf pyromancers (D:13)
  An orc sorcerer (D:13)
  9 ugly things
  2 manticores
  Maggie (D:10)
  2 gargoyles
  An unseen horror (D:10)
  6 kobold demonologists (D:13)
  A komodo dragon (D:13)
  A tengu conjurer (D:13)
  6 trolls
  A meliai (D:13)
  Grinder (D:5)
  A hornet (D:11)
  8 slime creatures (D:13)
  5 wraiths
  12 yaks
  A basilisk (D:13)
  A steam dragon (D:8)
  16 vampire mosquitoes
  An acid dragon (D:11)
  4 orc warriors
  A sky beast (D:7)
  2 hornet zombies
  5 wolves (D:10)
  5 centaurs
  4 ogres
  A phantom (D:4)
  9 kobold brigands
  Blork the orc (D:6)
  4 bullfrogs
  2 gnoll sergeants
  3 wyvern zombies
  2 scorpions (D:4)
  2 water moccasin zombies
  A wyvern skeleton (D:7)
  A water moccasin skeleton (D:5)
  21 killer bees
  3 electric eels
  3 wights (D:9)
  6 bullfrog zombies
  9 centaur zombies
  6 hounds
  3 orc priests
  2 jellies
  A centaur skeleton (D:6)
  2 iguanas
  Crazy Yiuf (D:4)
  7 orc wizards
  Natasha (thrice) (D:3)
  A killer bee zombie (Ossuary)
  17 mummies (Ossuary)
  A howler monkey zombie (Ossuary)
  11 gnolls
  4 adders
  A shadow imp (D:7)
  2 white imps
  2 worms (D:3)
  38 orcs
  8 ball pythons
  3 bats (D:1)
  7 endoplasms
  8 giant cockroaches
  3 goblins
  6 hobgoblins
  2 jackals (D:4)
  6 quokkas
  11 frilled lizards
  20 kobolds
  An orc zombie (D:8)
  A quokka skeleton (D:4)
  12 rats
383 creatures vanquished.

Vanquished Creatures (others)
  A fungus (D:13)
  2 plants (D:13)
  10 withered plants
13 creatures vanquished.

Grand Total: 396 creatures vanquished

Notes
Turn   | Place    | Note
-------+----------+-------------------------------------------
     0 | D:1      | a11behringer the Minotaur Fighter began the quest for the
                  | Orb.
     0 | D:1      | Reached XP level 1. HP: 19/19 MP: 0/0
   306 | D:1      | Reached XP level 2. HP: 27/27 MP: 1/1
   721 | D:1      | Reached XP level 3. HP: 23/33 MP: 2/2
  1225 | D:2      | Reached skill level 3 in Long Blades
  1489 | D:2      | Reached XP level 4. HP: 27/40 MP: 3/3
  1493 | D:2      | Reached skill level 4 in Long Blades
  2145 | D:3      | Noticed Natasha
  2153 | D:3      | Killed Natasha
  2180 | D:3      | Noticed Natasha
  2188 | D:3      | Killed Natasha
  2189 | D:3      | Reached skill level 1 in Dodging
  2189 | D:3      | Reached XP level 5. HP: 35/46 MP: 4/4
  2293 | D:3      | Reached skill level 5 in Long Blades
  2333 | D:3      | Noticed Natasha
  2340 | D:3      | Killed Natasha
  2534 | D:3      | Found Gozag's Platinum Reserve.
  2535 | D:3      | Found an opulent altar of Gozag.
  2544 | D:3      | Found a white marble altar of Elyvilon.
  2738 | D:3      | Found a glowing golden altar of the Shining One.
  2752 | D:3      | Found a hazy altar of Hepliaklqana.
  2756 | D:3      | Found a shadowy altar of Dithmenos.
  2756 | D:3      | Noticed a shadow
  2874 | D:4      | Found a shimmering altar of Xom.
  3072 | D:4      | Reached XP level 6. HP: 53/53 MP: 5/5
  3094 | D:4      | Found a blossoming altar of Fedhas.
  3145 | D:4      | Found a runed translucent door.
  3146 | D:4      | Noticed Crazy Yiuf
  3296 | D:4      | Reached skill level 6 in Long Blades
  3785 | D:4      | Gained mutation: You have sharp fingernails. [potion of
                  | mutation]
  3785 | D:4      | Gained mutation: Your magical capacity is low. (-10% MP)
                  | [potion of mutation]
  3785 | D:4      | Gained mutation: Your mind is acute. (Int +2) [potion of
                  | mutation]
  3785 | D:4      | Gained mutation: Your system is resistant to poisons.
                  | (rPois) [potion of mutation]
  3789 | D:4      | Killed Crazy Yiuf
  3790 | D:4      | Reached skill level 7 in Long Blades
  3790 | D:4      | Reached skill level 5 in Armour
  3866 | D:5      | Entered Level 5 of the Dungeon
  3877 | D:5      | Noticed Grinder
  3884 | D:5      | Paralysed by Grinder for 7 turns
  3898 | D:5      | Reached XP level 7. HP: 30/60 MP: 5/5
  3911 | D:5      | Killed Grinder
  3912 | D:5      | Reached skill level 5 in Fighting
  4012 | D:5      | Reached skill level 8 in Long Blades
  4067 | D:5      | Found a glowing drain.
  4109 | Sewer    | Entered a sewer
  4314 | Sewer    | Identified the +1 ring mail of Baldness {-Cast Will+++
                  | Str+4}
  4670 | D:5      | Reached XP level 8. HP: 67/68 MP: 6/6
  4784 | D:5      | Found a staircase to the Ecumenical Temple.
  4792 | D:5      | Reached skill level 9 in Long Blades
  4796 | Temple   | Entered the Ecumenical Temple
  5604 | D:6      | Noticed Blork the orc
  5614 | D:6      | Killed Blork the orc
  6015 | D:6      | Reached skill level 10 in Long Blades
  6271 | D:7      | Reached skill level 5 in Shields
  6511 | D:7      | Reached XP level 9. HP: 74/75 MP: 7/7
  6561 | D:7      | Found Lefuz's Book Emporium.
  6737 | D:7      | Reached skill level 11 in Long Blades
  6785 | D:7      | Noticed a cyan ugly thing
  6811 | D:7      | Killed a cyan ugly thing
  7055 | D:7      | Found an ornate altar of the Wu Jian Council.
  7088 | D:7      | Found a hide-covered altar of Uskayaw.
  7739 | D:8      | Found a sand-covered staircase.
  7749 | D:8      | Reached skill level 12 in Long Blades
  7756 | Ossuary  | Entered an ossuary
  8352 | Ossuary  | Reached skill level 13 in Long Blades
  8607 | D:8      | Reached XP level 10. HP: 79/86 MP: 8/8
  8719 | D:8      | Found a glowing silver altar of Zin.
  8822 | D:8      | Noticed Harold
  8847 | D:8      | Killed Harold
  9137 | D:8      | Noticed Pikel
  9166 | D:8      | Killed Pikel
  9389 | D:8      | Found a snail-covered altar of Cheibriados.
  9390 | D:8      | Found a radiant altar of Vehumet.
  9404 | D:8      | Reached skill level 14 in Long Blades
  9742 | D:8      | Found a shimmering blue altar of Sif Muna.
  9801 | D:8      | Found a runed translucent gate.
  9801 | D:8      | Found a runed translucent gate.
  9801 | D:8      | Found a runed translucent gate.
  9805 | D:8      | Noticed Encipher's ghost (novice OpTm)
  9805 | D:8      | Noticed JamezByez's ghost (novice MiFi)
 10371 | D:8      | Got Sif Muna's Volume of Arcane Weapons
 11638 | D:10     | Entered Level 10 of the Dungeon
 11642 | D:10     | Reached skill level 10 in Armour
 11668 | D:10     | Noticed Maggie
 11674 | D:10     | Killed Maggie
 11781 | D:10     | Reached XP level 11. HP: 84/95 MP: 8/8
 11832 | D:10     | Found a staircase to the Orcish Mines.
 11891 | D:10     | Found a broken altar of Ashenzari.
 11913 | D:10     | Found a sparkling altar of Nemelex Xobeh.
 12012 | D:10     | Reached skill level 15 in Long Blades
 12043 | D:10     | Found a staircase to the Lair.
 12535 | D:10     | Found an iron altar of Okawaru.
 12884 | D:11     | Noticed a boulder beetle
 12904 | D:11     | Killed a boulder beetle
 13413 | D:11     | You are sucked into a shaft and drop 2 floors!
 13413 | D:13     | Noticed a two-headed ogre
 13415 | D:13     | Killed a two-headed ogre
 13416 | D:13     | Reached skill level 16 in Long Blades
 13432 | D:13     | Noticed a tengu warrior
 13439 | D:13     | Killed a tengu warrior
 13616 | D:12     | Noticed a six-headed hydra
 13670 | D:12     | Killed a six-headed hydra
 13671 | D:12     | Reached skill level 10 in Fighting
 14041 | D:12     | Noticed a purple ugly thing
 14047 | D:12     | Killed a purple ugly thing
 14048 | D:12     | Reached XP level 12. HP: 106/106 MP: 9/9
 14127 | D:12     | Reached skill level 1 in Evocations
 14302 | D:12     | Identified the +7 whip of Subjectivity {vorpal, Contam MP+9
                  | Dex+3}
 14483 | D:10     | Became a worshipper of Warmaster Okawaru
 15080 | D:13     | Noticed Kailexub's ghost (journeyman MiFi)
 15080 | D:13     | Found a runed translucent gate.
 15080 | D:13     | Found a runed translucent gate.
 15080 | D:13     | Found a runed translucent gate.
 15110 | D:13     | Noticed a centaur warrior
 15116 | D:13     | Killed a centaur warrior
 15116 | D:13     | Reached * piety under Okawaru
 15236 | D:13     | Noticed a centaur warrior
 15241 | D:13     | Killed a centaur warrior
 15271 | D:13     | Noticed a centaur warrior
 15282 | D:13     | Killed a centaur warrior
 15283 | D:13     | Reached skill level 17 in Long Blades
 15354 | D:13     | Noticed a centaur warrior
 15362 | D:13     | Killed a centaur warrior
 15362 | D:13     | Reached ** piety under Okawaru
 15459 | D:13     | Noticed a boulder beetle
 15479 | D:13     | Killed a boulder beetle
 15486 | D:13     | Identified the +0 robe of the Evening Star {rPois rN+
                  | Slay+3 Stlth+}
 15519 | D:13     | Noticed a vault guard
 15556 | D:13     | Noticed a vault guard
 15565 | D:13     | Killed a vault guard
 15589 | D:13     | Killed a vault guard
 15620 | D:13     | Reached *** piety under Okawaru
 15645 | D:13     | Found a gate to the Vaults.
 15645 | D:13     | Noticed a vault guard
 15652 | D:13     | Killed a vault guard
 15657 | D:13     | Reached XP level 13. HP: 37/117 MP: 10/10
 15768 | D:13     | Reached **** piety under Okawaru
 15769 | D:13     | Reached skill level 18 in Long Blades
 15901 | D:13     | Reached ***** piety under Okawaru
 16185 | D:8      | Killed JamezByez's ghost
 16191 | D:8      | Killed Encipher's ghost
 16352 | D:13     | Killed Kailexub's ghost
 16352 | D:13     | Received a gift from Okawaru
 16486 | D:14     | Reached skill level 1 in Invocations
 16490 | D:14     | HP: 3/119 [centaur warrior simulacrum (20)]
 16491 | D:14     | Slain by a centaur warrior simulacrum

Illustrated notes

Levels and vault maps discovered:
D:1:      wander_arrival_estate, layout_loops_ring, serial_forest,
          infiniplex_forest_clump_small, infiniplex_forest_diagonal,
          infiniplex_forest_side_room, infiniplex_forest_lined_2,
          infiniplex_forest_clump_curved, infiniplex_forest_end_3,
          infiniplex_forest_clump_curved, infiniplex_forest_straight_4
D:2:      layout_basic
D:3:      layout_rooms, riverfiend_overflow_shadow_ancestor,
          general_overflow_altar, mainiacjoe_overflow_alcove_2,
          nicolae_gozag_zags_fifth_avenue, uniq_natasha
D:4:      layout_cave_pools, mainiacjoe_overflow_cross_hatched,
          mainiacjoe_overflow_catwalk, grunt_ministairs_4,
          uniq_crazy_yiuf_cottage
D:5:      layout_loops_cross, minmay_temple_entry_drinking_statues,
          gup_sewer_entry_bowl, uniq_grinder
D:6:      layout_loops_cross, serial_bayou_pond_d, minmay_small_thing,
          uniq_blork_the_orc
D:7:      layout_basic, kennysheep_little_box,
          mainiacjoe_overflow_surrounded_room, serial_shops,
          nicolae_shop_window_shopping, nicolae_concentric_dashed_squares_mild
D:8:      layout_gridville, mainiacjoe_overflow_six_doors_small, led_sif_book,
          nicolae_overflow_squiral, gammafunk_ghost_cemetery, enter_ossuary_3,
          columned_hall_lemuel, uniq_harold, uniq_pikel
D:9:      layout_loops_ring, serial_bayou_pond_e
D:10:     layout_cave_pods, mainiacjoe_overflow_tiny_flanked,
          amcnicky_altar_gilded, nicolae_overflow_hidden_temple,
          erik_lair_island, orc_0_dummy, uniq_maggie
D:11:     layout_gridville
D:12:     layout_loops_corners, ebering_dispersal_statue_hall, kennysheep_dice
D:13:     minmay_slanted_spiral_squares, layout_basic,
          grunt_vaults_entry_fortified, gammafunk_ghost_nasty_kobolds,
          kennysheep_generic_room_8
D:14:     layout_big_octagon, nicolae_elyvilon_peaceful_grove, uniq_roxanne
Temple:   corrupted_temple

Skill      XL: |  1  2  3  4  5  6  7  8  9 10 11 12 13 |
---------------+----------------------------------------+-----
Shields        | 4 5 6 7 8 9 |  9.8
Armour         | 4 5 7 8 10 12 13 | 13.8
Fighting       | 4 5 6 7 8 10 11 12 | 12.7
Long Blades    | 3 4 5 7 8 10 13 14 16 17 18 | 18.9
Dodging        | 1 2 3 4 |  4.4
Evocations     | 1 |  1.7
Invocations    | 1 |  1.0

Action                   |  1- 3 |  4- 6 |  7- 9 | 10-12 | 13-15 || total
-------------------------+-------+-------+-------+-------+-------++-------
Melee: Long sword        |    88 |   120 |   388 |   169 |       ||   765
       Headbutt          |    10 |    19 |    85 |    97 |    31 ||   242
       Scimitar          |       |       |       |   304 |   106 ||   410
Invok: Heroism           |       |       |       |     2 |     2 ||     4
       Finesse           |       |       |       |       |     1 ||     1
Evoke: Wand              |       |     3 |       |     5 |       ||     8
  Use: Scroll            |     1 |     4 |    11 |     2 |     6 ||    24
       Potion            |       |     1 |     2 |     2 |     1 ||     6
 Stab: Distracted        |       |       |       |     2 |     2 ||     4
Armor: Scale mail        |    32 |       |       |       |       ||    32
       Storm dragon scal |    11 |    67 |   179 |   245 |    45 ||   547
Dodge: Dodged            |    41 |    42 |   103 |   168 |    38 ||   392
Block: Buckler           |    18 |    23 |    80 |   116 |    26 ||   263

Table legend: (Time is in decaauts)
 A = Elapsed time spent in this place.
 B = Non-inter-level travel time spent in this place.
 C = Inter-level travel time spent in this place.
 D = Time resting spent in this place.
 E = Time spent auto-exploring this place.
 F = Levels seen in this place.
 G = Mean time per level.
                   A        B        C        D        E       F      G
               +--------+--------+--------+--------+--------+-----+--------+
         Total |  16461 |  14763 |   1698 |      7 |  12385 |  17 |  968.3 |
       Dungeon |  15009 |  13326 |   1683 |      7 |  11313 |  14 | 1072.1 |
        Temple |    139 |    124 |     15 |      0 |    115 |   1 |  139.0 |
         Sewer |    494 |    494 |      0 |      0 |    368 |   1 |  494.0 |
       Ossuary |    817 |    817 |      0 |      0 |    589 |   1 |  817.0 |
               +--------+--------+--------+--------+--------+-----+--------+

Top non-repeatable levels by time:
     D:8: 2041 daAuts
     D:7: 1512 daAuts
    D:12: 1382 daAuts
     D:1: 1237 daAuts
    D:13: 1191 daAuts
    D:10: 1093 daAuts
     D:9: 1050 daAuts
    D:11: 1003 daAuts
     D:4: 984 daAuts
     D:6: 912 daAuts
     D:5: 896 daAuts
     D:3: 835 daAuts
     D:2: 831 daAuts
 Ossuary: 817 daAuts
   Sewer: 494 daAuts
